3AA
SAN ANTONIO BC @ BATTLE GROUND AEROS
06/24/2022
 
TOP OF THE 1ST
San Antonio BC batting - Pitching for Battle Ground Aeros : LHP Jim Unknown
Pitching: LHP Jim Unknown
Batting: RHB Albert Delgado 0-0: Called Strike
0-1: Ball
1-1: Ball
2-1: Ball
3-1: Called Strike
3-2: Base on Balls
Batting: LHB Miguel García 0-0: Fly out, F9 (Flyball, 9LMF)
Batting: SHB Xavier Vásquez 0-0: Ball
1-0: Called Strike
1-1: Foul Ball, location: 2F
1-2: Strikes out swinging
Batting: RHB Jim Unknown 0-0: Fielders Choice at 2nd, U6 (Groundball, 6M)
Top of the 1st over - 0 run(s), 0 hit(s), 0 error(s), 1 left on base; San Antonio 0 - Battle Ground 0
BOTTOM OF THE 1ST
Battle Ground Aeros batting - Pitching for San Antonio BC : RHP Millard Taylor
Pitching: RHP Millard Taylor
Batting: SHB Shawn Sánchez 0-0: Ball
1-0: Ball
2-0: Ball
3-0: Called Strike
3-1: Base on Balls
Batting: RHB Jim Unknown 0-0: Ball
1-0: Ball
2-0: Ball
3-0: Base on Balls
Shawn Sánchez to second
Batting: LHB Jim Unknown 0-0: Ball
1-0: Ball
2-0: Fielders Choice at 2nd, 3-6 (Groundball, 3)
Shawn Sánchez to third
Batting: LHB Edgardo Téllez 0-0: SINGLE (Groundball, 5D)
Shawn Sánchez scores
Jim Unknown to second
Batting: RHB Jaime Chavarriaga 0-0: Ball
1-0: Ball
Wild Pitch!
Jim Unknown to third
Edgardo Téllez to second
2-0: Ground out 4-3 (Groundball, 4M)
Jim Unknown scores
Edgardo Téllez to third
Batting: RHB Jim Unknown 0-0: Foul Ball, location: 2F
0-1: Ball
1-1: Ball
2-1: SINGLE (Groundball, 6MD)
Edgardo Téllez scores
Batting: RHB Jim Unknown 0-0: Called Strike
0-1: Swinging Strike
0-2: Ball
1-2: Ground out 4-3 (Groundball, 4)
Bottom of the 1st over - 3 run(s), 2 hit(s), 0 error(s), 1 left on base; San Antonio 0 - Battle Ground 3
TOP OF THE 2ND
San Antonio BC batting - Pitching for Battle Ground Aeros : LHP Jim Unknown
Batting: RHB Martín Álvarez 0-0: Ground out U3 (Groundball, 3)
Batting: SHB Mike Peña 0-0: Called Strike
0-1: Called Strike
0-2: Strikes out looking
Batting: RHB Carlos Vega 0-0: Swinging Strike
0-1: Ball
1-1: Ball
2-1: Foul Ball, location: 2F
2-2: Strikes out swinging
Top of the 2nd over - 0 run(s), 0 hit(s), 0 error(s), 0 left on base; San Antonio 0 - Battle Ground 3
BOTTOM OF THE 2ND
Battle Ground Aeros batting - Pitching for San Antonio BC : RHP Millard Taylor
Batting: SHB Jim Unknown 0-0: Foul Ball, location: 2F
0-1: Ball
1-1: Called Strike
1-2: Ball
2-2: Ball
3-2: Fly out, F9 (Line Drive, 9D)
Batting: RHB Daniel Cooper 0-0: Ball
1-0: Foul Ball, location: 2F
1-1: Fly out, F7 (Flyball, 78S)
Batting: SHB Shawn Sánchez 0-0: Ball
1-0: Fly out, F8 (Flyball, 8LD)
Bottom of the 2nd over - 0 run(s), 0 hit(s), 0 error(s), 0 left on base; San Antonio 0 - Battle Ground 3
TOP OF THE 3RD
San Antonio BC batting - Pitching for Battle Ground Aeros : LHP Jim Unknown
Batting: LHB Enrique Sánchez 0-0: Ball
1-0: Called Strike
1-1: Called Strike
1-2: Ball
2-2: Ground out U3 (Groundball, 3L)
Batting: LHB Álex Ramírez 0-0: Called Strike
0-1: Called Strike
0-2: Ball
1-2: Foul Ball, location: 2F
1-2: Ball
2-2: Strikes out swinging
Batting: RHB Albert Delgado 0-0: Ground out 5-3 (Groundball, 56)
Top of the 3rd over - 0 run(s), 0 hit(s), 0 error(s), 0 left on base; San Antonio 0 - Battle Ground 3
BOTTOM OF THE 3RD
Battle Ground Aeros batting - Pitching for San Antonio BC : RHP Millard Taylor
Batting: RHB Jim Unknown 0-0: Swinging Strike
0-1: Fly out, F4 (Popup, 4M)
Batting: LHB Jim Unknown 0-0: Ball
1-0: Foul Ball, location: 2F
1-1: Ball
2-1: Ball
3-1: Foul Ball, location: 2F
3-2: Foul Ball, location: 2F
3-2: Foul Ball, location: 2F
3-2: Base on Balls
Batting: LHB Edgardo Téllez 0-0: Called Strike
0-1: Ground out 5-3 (Groundball, 5S)
Jim Unknown to second
Batting: RHB Jaime Chavarriaga 0-0: Ball
1-0: Ball
2-0: Called Strike
2-1: Foul Ball, location: 2F
2-2: Foul Ball, location: 2F
2-2: Foul Ball, location: 2F
2-2: Foul Ball, location: 2F
2-2: Ball
3-2: Foul Ball, location: 2F
3-2: Base on Balls
Batting: RHB Jim Unknown 0-0: Foul Ball, location: 2F
0-1: Ball
1-1: Ball
2-1: SINGLE (Flyball, 9S)
Jim Unknown to third
Jaime Chavarriaga to second
Runner from 3rd tries for Home, SAFE, no throw or cutoff
Batting: RHB Jim Unknown 0-0: Called Strike
0-1: Ball
1-1: Fly out, F7 (Line Drive, 7M)
Bottom of the 3rd over - 1 run(s), 1 hit(s), 0 error(s), 2 left on base; San Antonio 0 - Battle Ground 4
TOP OF THE 4TH
San Antonio BC batting - Pitching for Battle Ground Aeros : LHP Jim Unknown
Batting: LHB Miguel García 0-0: Ball
1-0: Called Strike
1-1: SINGLE (Groundball, 34D)
Batting: SHB Xavier Vásquez 0-0: Fly out, F9 (Popup, 3D)
Batting: RHB Jim Unknown 0-0: Ball
1-0: Ball
2-0: Foul Ball, location: 2F
2-1: Foul Ball, location: 2F
2-2: Foul Ball, location: 2F
2-2: Grounds into double play, 6-4-3 (Groundball, 6)
Top of the 4th over - 0 run(s), 1 hit(s), 0 error(s), 0 left on base; San Antonio 0 - Battle Ground 4
BOTTOM OF THE 4TH
Battle Ground Aeros batting - Pitching for San Antonio BC : RHP Millard Taylor
Batting: SHB Jim Unknown 0-0: Fly out, F8 (Flyball, 8LD)
Batting: RHB Daniel Cooper 0-0: Ball
1-0: Ground out 5-3 (Groundball, 5)
Batting: SHB Shawn Sánchez 0-0: Ball
1-0: SINGLE (Groundball, 34)
Batting: RHB Jim Unknown 0-0: Called Strike
Shawn Sánchez steals 2nd base
0-1: Ground out 6-3 (Groundball, 6M)
Bottom of the 4th over - 0 run(s), 1 hit(s), 0 error(s), 1 left on base; San Antonio 0 - Battle Ground 4
TOP OF THE 5TH
San Antonio BC batting - Pitching for Battle Ground Aeros : LHP Jim Unknown
Batting: RHB Martín Álvarez 0-0: Called Strike
0-1: Swinging Strike
0-2: Ball
1-2: Ball
2-2: Strikes out swinging
Batting: SHB Mike Peña 0-0: Called Strike
0-1: Fly out, F8 (Flyball, 8RD)
Batting: RHB Carlos Vega 0-0: Called Strike
0-1: Foul Ball, location: 2F
0-2: Ball
1-2: Foul Ball, location: 2F
1-2: Foul Ball, location: 2F
1-2: Foul Ball, location: 2F
1-2: Strikes out swinging
Top of the 5th over - 0 run(s), 0 hit(s), 0 error(s), 0 left on base; San Antonio 0 - Battle Ground 4
BOTTOM OF THE 5TH
Battle Ground Aeros batting - Pitching for San Antonio BC : RHP Millard Taylor
Batting: LHB Jim Unknown 0-0: Fly out, F8 (Flyball, 8RM)
Batting: LHB Edgardo Téllez 0-0: Ball
1-0: SINGLE (Flyball, 6MD)
Batting: RHB Jaime Chavarriaga 0-0: Called Strike
0-1: Swinging Strike
0-2: Strikes out swinging
Batting: RHB Jim Unknown 0-0: Called Strike
0-1: Called Strike
0-2: Ball
1-2: Ball
2-2: Ground out 5-3 (Groundball, 5)
Bottom of the 5th over - 0 run(s), 1 hit(s), 0 error(s), 1 left on base; San Antonio 0 - Battle Ground 4
TOP OF THE 6TH
San Antonio BC batting - Pitching for Battle Ground Aeros : LHP Jim Unknown
Batting: LHB Enrique Sánchez 0-0: Called Strike
0-1: Swinging Strike
0-2: Ball
1-2: Foul Ball, location: 2F
1-2: SINGLE (Line Drive, 78S)
Batting: LHB Álex Ramírez 0-0: Ball
1-0: Ball
2-0: Ball
3-0: Base on Balls
Enrique Sánchez to second
Batting: RHB Albert Delgado 0-0: SINGLE (Groundball, 6MD)
Enrique Sánchez to third
Álex Ramírez to second
Runner from 3rd tries for Home, SAFE, throw made home
Álex Ramírez to third
Albert Delgado to second
Batting: LHB Miguel García 0-0: Called Strike
0-1: Ground out U3 (Groundball, 3L)
Batting: SHB Xavier Vásquez 0-0: Called Strike
0-1: Swinging Strike
0-2: SINGLE (Line Drive, 6MD)
Álex Ramírez scores
Albert Delgado to third
Runner from 3rd tries for Home, SAFE, no throw or cutoff
Batting: RHB Jim Unknown 0-0: Called Strike
0-1: Swinging Strike
0-2: Ball
1-2: Strikes out swinging
Batting: RHB Martín Álvarez 0-0: Ball
1-0: Ball
2-0: Ball
3-0: Called Strike
3-1: Called Strike
3-2: Ground out 4-3 (Groundball, 4)
Top of the 6th over - 3 run(s), 3 hit(s), 0 error(s), 1 left on base; San Antonio 3 - Battle Ground 4
BOTTOM OF THE 6TH
Battle Ground Aeros batting - Pitching for San Antonio BC : RHP Millard Taylor
Batting: RHB Jim Unknown 0-0: Called Strike
0-1: Fly out, F9 (Flyball, 9LD)
Batting: SHB Jim Unknown 0-0: SOLO HOME RUN (Flyball, 89XD), Distance : 418 ft
Batting: RHB Daniel Cooper 0-0: Called Strike
0-1: Fly out, F8 (Flyball, 8LD)
Batting: SHB Shawn Sánchez 0-0: Ball
1-0: Ball
2-0: Ball
3-0: Called Strike
3-1: Base on Balls
Batting: RHB Jim Unknown 0-0: Ball
1-0: Foul Ball, location: 2F
1-1: Ball
2-1: Foul Ball, location: 2F
2-2: Fly out, F9 (Flyball, 89S)
Bottom of the 6th over - 1 run(s), 1 hit(s), 0 error(s), 1 left on base; San Antonio 3 - Battle Ground 5
TOP OF THE 7TH
San Antonio BC batting - Pitching for Battle Ground Aeros : LHP Jim Unknown
Batting: SHB Mike Peña 0-0: Called Strike
0-1: Ball
1-1: Ball
2-1: Foul Ball, location: 2F
2-2: Foul Ball, location: 2F
2-2: DOUBLE (Groundball, 5L)
Batting: RHB Carlos Vega 0-0: Ball
1-0: Foul Ball, location: 2F
1-1: Foul Ball, location: 2F
1-2: Ball
2-2: Ball
3-2: Strikes out looking
Batting: LHB Enrique Sánchez 0-0: Ball
1-0: Ground out 1-3 (Groundball, 13S)
Mike Peña to third
Batting: LHB Álex Ramírez 0-0: Swinging Strike
0-1: Swinging Strike
0-2: Ball
1-2: Strikes out swinging
Top of the 7th over - 0 run(s), 1 hit(s), 0 error(s), 1 left on base; San Antonio 3 - Battle Ground 5
BOTTOM OF THE 7TH
Battle Ground Aeros batting - Pitching for San Antonio BC : RHP Millard Taylor
Batting: LHB Jim Unknown 0-0: Called Strike
0-1: Ball
1-1: Swinging Strike
1-2: Foul Ball, location: 2F
1-2: Foul Ball, location: 2F
1-2: Foul Ball, location: 2F
1-2: Ball
2-2: Fly out, F8 (Flyball, 8RD)
Pitching: LHP Stanton Miranda
Batting: LHB Edgardo Téllez 0-0: Called Strike
0-1: Ball
1-1: Ground out 5-3 (Groundball, 5S)
Batting: RHB Jaime Chavarriaga 0-0: Swinging Strike
0-1: Called Strike
0-2: Ball
1-2: Strikes out swinging
Bottom of the 7th over - 0 run(s), 0 hit(s), 0 error(s), 0 left on base; San Antonio 3 - Battle Ground 5
TOP OF THE 8TH
San Antonio BC batting - Pitching for Battle Ground Aeros : LHP Jim Unknown
Batting: RHB Albert Delgado 0-0: Ball
1-0: Ball
2-0: Ball
3-0: Base on Balls
Batting: LHB Miguel García 0-0: Foul Ball, location: 2F
0-1: Ball
1-1: Foul Ball, location: 2F
1-2: Foul Ball, location: 2F
1-2: Fly out, F7 (Flyball, 7M)
Pitching: LHP Jim Unknown
Batting: SHB Xavier Vásquez 0-0: Ball
1-0: DOUBLE (Line Drive, 78M)
Albert Delgado to third
Runner from 3rd tries for Home, SAFE, no throw or cutoff
Batting: RHB Jim Unknown 0-0: Ball
1-0: Ball
2-0: Foul Ball, location: 2F
2-1: Ball
3-1: Base on Balls
Pinch Hitting: RHB Alfredo Rivera 0-0: Ball
1-0: Ball
2-0: Fielders Choice at 2nd, 3-6 (Groundball, 3)
Xavier Vásquez to third
Batting: SHB Mike Peña 0-0: Foul Ball, location: 2F
0-1: Fly out, F9 (Flyball, 9LMF)
Top of the 8th over - 1 run(s), 1 hit(s), 0 error(s), 2 left on base; San Antonio 4 - Battle Ground 5
BOTTOM OF THE 8TH
Battle Ground Aeros batting - Pitching for San Antonio BC : LHP Stanton Miranda
Now at SS: Carlos Santos
Batting: RHB Jim Unknown 0-0: Fly out, F7 (Flyball, 7M)
Batting: RHB Jim Unknown 0-0: Fly out, F9 (Flyball, 8RD)
Batting: SHB Jim Unknown 0-0: Foul Ball, location: 2F
0-1: Ball
1-1: Fly out, F4 (Popup, 3D)
Bottom of the 8th over - 0 run(s), 0 hit(s), 0 error(s), 0 left on base; San Antonio 4 - Battle Ground 5
TOP OF THE 9TH
San Antonio BC batting - Pitching for Battle Ground Aeros : LHP Jim Unknown
Pinch Hitting: RHB Orlando Padilla 0-0: Called Strike
0-1: Ball
1-1: Swinging Strike
1-2: Fly out, F8 (Flyball, 8RM)
Pinch Hitting: RHB León Cabrera 0-0: Ball
1-0: Ball
2-0: SINGLE (Groundball, 34D)
Pinch Hitting: RHB Jake Castle 0-0: Ball
1-0: Swinging Strike
1-1: Ball
2-1: Ball
3-1: Base on Balls
León Cabrera to second
Batting: RHB Albert Delgado 0-0: Foul Ball, location: 2F
0-1: SINGLE (Line Drive, 4MD)
León Cabrera to third
Jake Castle to second
Runner from 3rd tries for Home, SAFE, throw made at trailing runner, OUT at third!
Pinch Hitting: RHB Jim Unknown 0-0: Ball
1-0: Ball
2-0: Fly out, F9 (Popup, 89S)
Top of the 9th over - 1 run(s), 2 hit(s), 0 error(s), 1 left on base; San Antonio 5 - Battle Ground 5
BOTTOM OF THE 9TH
Battle Ground Aeros batting - Pitching for San Antonio BC : LHP Stanton Miranda
Now at C: Orlando Padilla
Now at 3B: Jim Unknown
Now in LF: Jake Castle
Now in RF: Michael Bucknell
Batting: RHB Daniel Cooper 0-0: Called Strike
0-1: Foul Ball, location: 2F
0-2: Foul Ball, location: 2F
0-2: SINGLE (Groundball, 4MD)
Batting: SHB Shawn Sánchez 0-0: Ball
1-0: Bunt missed!
1-1: Ball
2-1: Sac Bunt - play at first, batter OUT! 1-4
Daniel Cooper to second
Batting: RHB Jim Unknown 0-0: Called Strike
0-1: Ball
1-1: Swinging Strike
1-2: Foul Ball, location: 2F
1-2: Ball
2-2: Foul Ball, location: 2F
2-2: Foul Ball, location: 2F
2-2: SINGLE (Groundball, 6MD)
Daniel Cooper to third
Runner from 3rd tries for Home, SAFE, no throw or cutoff
This league is powered by Out of the Park Baseball, the baseball management simulation game for PC, Mac and Linux
Friday, April 15th, 2016 - OOTP Baseball 16.9 Build 39